 Dungeon Crawl Stone Soup version 0.23.2-30-g0e89c35649 (webtiles) character file.

Game seed: 18114640664731599275

2185 diana the Cleaver (level 9, -1/121 HPs)
             Began as a Minotaur Berserker on June 11, 2019.
             Was a Priest of Trog.
             Slain by an orc wizard
             ... wielding a +0 dagger
              (2 damage)
             ... on level 8 of the Dungeon.
             The game lasted 00:08:24 (3763 turns).

diana the Cleaver (Minotaur Berserker)              Turns: 3763, Time: 00:08:25

Health: -1/121     AC:  9    Str: 30    XL:     9   Next: 11%
Magic:  17/17      EV: 14    Int:  4    God:    Trog [***...]
Gold:   118        SH:  0    Dex: 10    Spells: 8/8 levels left

rFire    . . .     SeeInvis .   r - +0 war axe
rCold    . . .     Gourm    .   (no shield)
rNeg     . . .     Faith    .   h - +0 ring mail {MR+}
rPois    .         Spirit   .   (helmet restricted)
rElec    .         Reflect  .   u - +0 cloak
rCorr    .         Harm     .   p - +0 pair of gloves
MR       +....                  (no boots)
Stlth    ..........             (no amulet)
HPRegen  0.30/turn              s - ring of magical power
MPRegen  0.15/turn              (no ring)

@: berserking, lethally poisoned (-1 -> -1), marked, very quick
A: retaliatory headbutt, horns 2
a: Berserk, Trog's Hand, Renounce Religion


You were on level 8 of the Dungeon.
You worshipped Trog.
Trog was most pleased with you.
You were not hungry.

You visited 2 branches of the dungeon, and saw 7 of its levels.

You collected 118 gold pieces.

Inventory:

Hand Weapons
 r - a +0 war axe (weapon)
Missiles
 n - 2 throwing nets (quivered)
Armour
 h - a +0 ring mail of magic resistance (worn)
 p - a +0 pair of gloves (worn)
 u - a +0 cloak (worn)
Jewellery
 s - a ring of magical power (left hand)
Scrolls
 a - a scroll of enchant armour {unknown}
 d - 3 scrolls of identify
 g - 6 scrolls of teleportation
 i - 5 scrolls of enchant weapon
 j - 2 scrolls of remove curse
 l - a scroll of amnesia {unknown}
 o - a scroll of immolation {unknown}
 t - a scroll of fog {unknown}
Potions
 b - a potion of berserk rage
 c - a potion of lignification {unknown}
 e - a potion of brilliance {unknown}
 f - 2 potions of heal wounds {unknown}
 k - a potion of haste {unknown}
 m - a potion of curing {unknown}
Comestibles
 q - 6 rations


   Skills:
 + Level 8.1 Fighting
 + Level 8.1 Axes
 + Level 7.6 Armour
 + Level 6.9 Dodging


You had 8 spell levels left.
You didn't know any spells.
Your spell library was empty.

Dungeon Overview and Level Annotations

Branches:
Dungeon (5/15)             Temple (1/1) D:4

Altars:
Ashenzari
Cheibriados
Dithmenos
Elyvilon
Fedhas
Gozag
Hepliaklqana
Kikubaaqudgha
Makhleb
Nemelex Xobeh
Okawaru
Qazlal
Sif Muna
Trog
Uskayaw
Vehumet
Zin
The Shining One

Annotations:
D:4 2 runed translucent doors, Meegle's ghost, amateur DEFE


Innate Abilities, Weirdness & Mutations

You reflexively headbutt those who attack you in melee.
You have a pair of horns on your head.


Message History

A magic dart appears from out of thin air!
The magic dart hits you.
* * * LOW HITPOINT WARNING * * *
A crocodile comes into view.
You closely miss something. You slash something! Trog accepts your kill.
Trog appreciates your killing of a magic user.
Reactivating autopickup.
You feel a bit more experienced.
* * * LOW HITPOINT WARNING * * *
You feel sick. Something hits you but does no damage.
Deactivating autopickup; reactivate with Ctrl-A.
Unknown command.
You completely miss something. Your headbutt misses something.
An ogre comes into view. It is wielding a +0 giant club.
Unknown command.
You hit something. You hit the crimson imp.
A worker ant comes into view.
Something hits you.
You die...

... #.##..
.8.. ##....
...###....##
.8#.........
........#
#.†.t# #a...#
#..#5{# ....
#.@# ...#
##)# ## #)##
#..## # .
#...###.# >.#
###(....# .<
##O.####
#.####.((...#
#.......(...#


You could see a crocodile, an ogre, a worker ant and a crimson imp.

Vanquished Creatures
  Harold (D:8)
  Pikel (D:4)
  Sigmund (D:2)
  Duvessa (D:4)
  An orc warrior (D:8)
  4 slaves (D:4)
  2 ogres (D:4)
  A centaur (D:8)
  A bullfrog (D:8)
  Dowan (D:4)
  A bullfrog zombie (D:8)
  An orc priest (D:4)
  An iguana (D:4)
  Natasha (twice) (D:2)
  An orc wizard (D:8)
  2 worker ants
  4 adders
  An adder zombie (D:8)
  3 worms
  2 dart slugs
  5 leopard geckos
  12 orcs
  5 bats
  3 giant cockroaches
  5 hobgoblins
  9 jackals
  7 frilled lizards
  8 goblins
  A jackal zombie (D:5)
  7 kobolds
  8 rats
102 creatures vanquished.

Notes
Turn   | Place    | Note
-------+----------+-------------------------------------------
     0 | D:1      | diana the Minotaur Berserker began the quest for the Orb.
     0 | D:1      | Reached XP level 1. HP: 19/19 MP: 0/0
   157 | D:1      | Reached XP level 2. HP: 27/27 MP: 1/1
   489 | D:1      | Reached XP level 3. HP: 28/33 MP: 2/2
   504 | D:1      | Reached ** piety under Trog
   704 | D:2      | Noticed Natasha
   713 | D:2      | Killed Natasha
   856 | D:2      | Reached XP level 4. HP: 40/40 MP: 3/3
   945 | D:2      | Noticed Sigmund
   957 | D:2      | Killed Sigmund
   957 | D:2      | Reached skill level 5 in Fighting
   957 | D:2      | Reached skill level 5 in Axes
   957 | D:2      | Reached XP level 5. HP: 7/48 MP: 4/4
  1020 | D:2      | Noticed Natasha
  1129 | D:2      | Killed Natasha
  1432 | D:2      | Found a glowing silver altar of Zin.
  1432 | D:2      | Found a white marble altar of Elyvilon.
  1432 | D:2      | Found a glowing golden altar of the Shining One.
  1457 | D:2      | Reached XP level 6. HP: 53/56 MP: 5/5
  1953 | D:3      | Found a stormy altar of Qazlal.
  1953 | D:3      | Found a blossoming altar of Fedhas.
  1954 | D:3      | Found a shattered altar of Ashenzari.
  2522 | D:4      | Reached *** piety under Trog
  2546 | D:4      | Found a staircase to the Ecumenical Temple.
  2594 | Temple   | Entered the Ecumenical Temple
  2774 | D:4      | Found a hide-covered altar of Uskayaw.
  2895 | D:4      | Noticed Duvessa
  2895 | D:4      | Noticed Dowan
  2896 | D:4      | Noticed a slave
  2897 | D:4      | Noticed a slave
  2901 | D:4      | Noticed a slave
  2902 | D:4      | Noticed a slave
  2906 | D:4      | Killed Dowan
  2906 | D:4      | Reached skill level 5 in Armour
  2906 | D:4      | Reached XP level 7. HP: 50/62 MP: 6/6
  2907 | D:4      | Killed Duvessa
  2939 | D:4      | Noticed Pikel
  2958 | D:4      | Killed Pikel
  2958 | D:4      | Reached skill level 5 in Dodging
  2958 | D:4      | Reached XP level 8. HP: 32/71 MP: 7/7
  3035 | D:4      | Found a large runed translucent door.
  3035 | D:4      | Found a large runed translucent door.
  3037 | D:4      | Noticed Meegle's ghost (amateur DEFE)
  3558 | D:5      | Entered Level 5 of the Dungeon
  3591 | D:5      | You fall through a shaft for 3 floors!
  3737 | D:8      | Noticed Harold
  3760 | D:8      | Killed Harold
  3760 | D:8      | Reached XP level 9. HP: 6/81 MP: 8/8
  3760 | D:8      | HP: 2/121 [something/magic dart (5)]
  3763 | D:8      | Slain by an orc wizard

Skill      XL: |  1  2  3  4  5  6  7  8 |
---------------+-------------------------+-----
Axes           | 4 5 6 8 |  8.1
Fighting       | 4 5 6 8 |  8.1
Armour         | 3 4 5 6 7 |  7.6
Dodging        | 3 4 5 6 |  6.9

Action                   |  1- 3 |  4- 6 |  7- 9 || total
-------------------------+-------+-------+-------++-------
Melee: Hand axe          |    63 |    72 |       ||   135
       Headbutt          |     8 |    15 |    13 ||    36
       War axe           |       |    16 |    80 ||    96
Invok: Berserk           |       |     2 |     2 ||     4
       Trog's Hand       |       |       |     1 ||     1
  Use: Scroll            |       |       |     5 ||     5
  Eat: Chunk             |       |     3 |     6 ||     9
       Ration            |       |     1 |       ||     1
Armor: Ring mail         |    23 |    25 |    25 ||    73
Dodge: Dodged            |    54 |    39 |    75 ||   168
